 Dungeon Crawl Stone Soup version bcrawl-1.21.3 (webtiles) character file.

Game seed: 14761763317026011622

458 funkygono the Conjurer (level 7, -2/41 HPs)
             Began as a Fairy Conjurer on Apr 4, 2020.
             Slain by a sky beast (6 damage)
             ... on level 5 of the Dungeon.
             The game lasted 00:08:28 (2812 turns).

funkygono the Conjurer (Fairy Conjurer)             Turns: 2812, Time: 00:08:29

Health: -2/41      AC:  6    Str:  6    XL:     7   Next: 6%
Magic:  17/26      EV: 16    Int: 20    God:
Gold:   212        SH:  9    Dex: 13    Spells: 11/17 levels left

rFire    . . .     SeeInvis .   k - +1 short sword (venom)
rCold    . . .     Gourm    .   c - +0 buckler
rNeg     . . .     Faith    .   (armour unavailable)
rPois    .         Spirit   .   (no helmet)
rElec    .         Reflect  .   (no cloak)
rCorr    .         Harm     .   (no gloves)
MR       .....                  n - +0 pair of boots
Stlth    +.........             (no amulet)
HPRegen  0.13/turn              l - ring of magical power
MPRegen  0.20/turn              (no ring)

@: flying evasively
A: small, magic attunement, unstealthy, unfitting armour, able to fly, AC/SH +5
a: Stop Flying


You were on level 5 of the Dungeon.
You were not hungry.

You visited 2 branches of the dungeon, and saw 6 of its levels.

You collected 212 gold pieces.

Inventory:

Hand Weapons
 k - a +1 short sword of venom (weapon)
Missiles
 f - 1537 stones (quivered)
Armour
 c - a +0 buckler (worn)
 n - a +0 pair of boots (worn)
Jewellery
 l - a ring of magical power (left hand)
Wands
 q - a wand of clouds (3)
Scrolls
 a - a scroll of fog
 h - a scroll of blinking
Potions
 b - a potion of magic
 d - a potion of agility
 g - 3 potions of curing
 i - a potion of lignification {unknown}
 j - 3 potions of haste
 p - a potion of heal wounds
 r - 2 potions of mutation
 t - a potion of cancellation {unknown}
Comestibles
 e - 8 rations {!d}


   Skills:
 + Level 3.4 Dodging
 + Level 2.1 Stealth
 + Level 0.7 Shields
 + Level 5.5 Spellcasting
 + Level 7.8 Conjurations


You had 11 spell levels left.
You knew the following spells:

 Your Spells              Type           Power        Failure   Level  Hunger
a - Magic Dart            Conj           ####         1%          1    None
b - Searing Ray           Conj           #####...     1%          2    None
c - Iskenderun's Mystic   Conj           #####...     1%          3    None

Your spell library contained the following spells:

 Spells                   Type           Power        Failure   Level  Hunger
 Fulminant Prism          Conj/Hex       ###.......   34%         4    None
 Irradiate                Conj/Tmut      ###.......   67%         5    None


Dungeon Overview and Level Annotations

Branches:
Dungeon (5/12)             Temple (1/1) D:4

Altars:
Cheibriados
Elyvilon
Kikubaaqudgha
Makhleb
Okawaru
Qazlal
Ru
Trog
Uskayaw
Vehumet
Wu Jian
Yredelemnul
Zin
The Shining One


Innate Abilities, Weirdness & Mutations

Your spells do not cause hunger and MP costs are reduced by 1.
Your bright wings attract enemies. (Stealth-)
You cannot fit into any form of body armour.
Your shimmering scales are hard and can block incoming attacks. (AC +5, SH +5)
You are small and have problems with some larger weapons.
You can fly continuously.


Message History

You see here a +0 giant club.
Something hits you. Something shocks you.
Casting: Searing Ray (safe; 1% risk of failure)
Confirm with . or Enter, or press ? or * to list all spells.
Aiming: Searing Ray (safe; 1% risk of failure)
Press: ? - help, Shift-Dir - straight line (Press . to maintain the ray.)
Something hits you. Something shocks you.
The searing ray hits something.
Something hits you. Something shocks you.
The searing ray hits something!
Something hits you but does no damage.
The searing ray hits something!
Something hits you. Something shocks you.
* * * LOW HITPOINT WARNING * * *
Something hits you.
* * * LOW HITPOINT WARNING * * *
Something shocks you.
* * * LOW HITPOINT WARNING * * *
Something hits you.
* * * LOW HITPOINT WARNING * * *
Something shocks you.
You die...

### ..#
#.# #.#
#.#
#.###.###.
#.@..?:...
#)###.####
#<# #.#
... ##...
#.)..
#.#.##
#.#.#


There were no monsters in sight!

Vanquished Creatures
  A hungry ghost (D:4)
  2 ogres
  A scorpion (D:4)
  A hound skeleton (D:4)
  3 adders
  3 dart slugs
  2 leopard geckos
  11 orcs (D:3)
  5 giant cockroaches
  A goblin (D:1)
  5 hobgoblins
  A quokka (D:2)
  6 bats
  4 frilled lizards
  5 kobolds
  8 rats
59 creatures vanquished.

Notes
Turn   | Place    | Note
-------+----------+-------------------------------------------
     0 | D:1      | funkygono the Fairy Conjurer began the quest for the Orb.
     0 | D:1      | Reached XP level 1. HP: 11/11 MP: 6/6
    28 | D:1      | Reached skill level 5 in Conjurations
    52 | D:1      | Reached XP level 2. HP: 17/17 MP: 7/7
    59 | D:1      | Learned a level 2 spell: Searing Ray
   432 | D:1      | Reached XP level 3. HP: 21/21 MP: 9/9
   437 | D:1      | Learned a level 3 spell: Iskenderun's Mystic Blast
   965 | D:2      | Reached skill level 6 in Conjurations
  1238 | D:3      | Reached XP level 4. HP: 27/27 MP: 10/10
  1378 | D:3      | Found a white marble altar of Elyvilon.
  1757 | D:4      | Noticed an ogre
  1763 | D:4      | Killed an ogre
  1763 | D:4      | Reached skill level 7 in Conjurations
  1763 | D:4      | Reached XP level 5. HP: 31/31 MP: 9/13
  1980 | D:4      | Noticed a hungry ghost
  1986 | D:4      | Killed a hungry ghost
  1986 | D:4      | Reached skill level 5 in Spellcasting
  1986 | D:4      | Reached XP level 6. HP: 36/36 MP: 15/15
  2205 | D:4      | Found a staircase to the Ecumenical Temple.
  2215 | Temple   | Entered the Ecumenical Temple
  2452 | D:4      | Found an iron altar of Okawaru.
  2764 | D:5      | Entered Level 5 of the Dungeon
  2769 | D:5      | Reached XP level 7. HP: 41/41 MP: 17/17
  2812 | D:5      | Slain by a sky beast

Skill      XL: |  1  2  3  4  5 |
---------------+----------------+-----
Conjurations   | 5 6 7 |  7.8
Dodging        | 3 |  3.4
Spellcasting   | 3 4 5 |  5.5
Stealth        | 2 |  2.1
Shields        | |  0.7

Action                   |  1- 3 |  4- 6 |  7- 9 || total
-------------------------+-------+-------+-------++-------
 Cast: Magic Dart        |    57 |    12 |       ||    69
       Iskenderun's Myst |     8 |    16 |       ||    24
       Searing Ray       |     3 |    10 |     1 ||    14
  Use: Scroll            |     6 |     7 |       ||    13
  Eat: Chunk             |     1 |     2 |       ||     3
       Ration            |       |     1 |       ||     1
Armor: Skin              |     2 |     2 |     1 ||     5
Dodge: Dodged            |     6 |     9 |       ||    15
Block: Buckler           |     2 |     7 |       ||     9
